 Dungeon Crawl Stone Soup version 0.30-a0-358-g0d69a1922f (webtiles) character file.

Game seed: 12480804644112461759

123 koil the Sneak (level 4, -3/32 HPs)
             Began as a Vampire Enchanter on Nov 9, 2022.
             Succumbed to a kobold's poison
             ... on level 3 of the Dungeon.
             The game lasted 00:07:54 (1809 turns).

koil the Sneak (Vampire Enchanter)                  Turns: 1809, Time: 00:07:55

Health: -3/32      AC:  3    Str:  7    XL:     4   Next: 80%
Magic:  4/7        EV: 12    Int: 19    God:
Gold:   135        SH:  0    Dex: 14    Spells: 3/8 levels left

rFire   . . .      SeeInvis +    a - +1 dagger
rCold   . . .      Faith    .    (no shield)
rNeg    . . .      Spirit   .    s - +0 leather armour
rPois   .          Reflect  .    (no helmet)
rElec   .          Harm     .    f - +1 cloak
rCorr   .          Rampage  .    (no gloves)
Will    .....      Clarity  +    (no boots)
Stlth   +++.......               (no amulet)
HPRegen 0.45/turn                (no ring)
MPRegen 0.10/turn                (no ring)

@: lethally poisoned (-3 -> -21), confusing by touch, healing quickly
A: alive, fangs 3, see invisible, vampiric 2, clarity, deformed body
a: Exsanguinate


You were on level 3 of the Dungeon.
You visited 1 branch of the dungeon, and saw 3 of its levels.

You collected 135 gold pieces.

Inventory:

Hand Weapons
 a - a +1 dagger (weapon)
Missiles
 n - 5 poisoned darts (quivered)
Armour
 b - a +0 robe
 f - a +1 cloak (worn)
 s - a +0 leather armour (worn)
Jewellery
 q - a +6 ring of intelligence
Wands
 o - a wand of flame (20)
Scrolls
 e - 4 scrolls of identify {unknown}
 i - 3 scrolls of magic mapping {unknown}
 j - a scroll of silence {unknown}
 k - a scroll of teleportation {unknown}
 l - a scroll of amnesia {unknown}
 p - 3 scrolls of blinking {unknown}
 r - a scroll of enchant weapon {unknown}
Potions
 c - 2 potions of invisibility
 g - 2 potions of might {unknown}
 h - a potion of attraction {unknown}
 m - a potion of berserk rage {unknown}


   Skills:
 + Level 1.5 Fighting
 + Level 2.1 Short Blades
 + Level 3.0 Dodging
 + Level 5.2 Stealth
 + Level 2.5 Spellcasting
 + Level 5.2 Hexes


You had 3 spell levels left.
You knew the following spells:

 Your Spells              Type           Power      Damage    Failure   Level
a - Confusing Touch       Hex            22%        N/A       9%          3
b - Ensorcelled Hibernat  Hex/Ice        24%        N/A       12%         2

Your spell library contained the following spells:

 Spells                   Type           Power      Damage    Failure   Level
 Tukima's Dance           Hex            22%        N/A       9%          3
 Dazzling Flash           Conj/Hex       24%        N/A       24%         3
 Vhi's Electric Charge    Tloc/Air       4%         N/A       58%         3
 Arcjolt                  Conj/Air       1%         1d11      100%        5
 Maxwell's Capacitive Co  Air            1%         ∞         100%        8


Dungeon Overview and Level Annotations

Branches:
Dungeon (3/15)

Altars:


Innate Abilities, Weirdness & Mutations

Your natural rate of healing is accelerated.
You have razor-sharp teeth.
You have supernaturally acute eyesight. (SInv)
You are afflicted with vampirism and can become a bat while bloodless.
You possess an exceptional clarity of mind.
Armour fits poorly on your strangely shaped body.


Message History

The kobold hits you but does no damage.
You are poisoned.
You closely miss the kobold.
You feel very sick.
The kobold hits you with a +1 short sword of venom.
You are more poisoned.
You hit the kobold but do no damage.
You feel very sick. The kobold hits you but does no damage.
You are lethally poisoned!
You are too injured to fight recklessly!
You are too injured to fight recklessly!
You are too injured to fight recklessly!
Casting: Confusing Touch (quite dangerous; 9% risk of failure)
Confirm with . or Enter, or press ? or * to list all spells.
The spell is quite dangerous to miscast (9% risk of failure)!
Continue anyway?
Okay, then.
Casting: Confusing Touch (quite dangerous; 9% risk of failure)
Confirm with . or Enter, or press ? or * to list all spells.
The spell is quite dangerous to miscast (9% risk of failure)!
Continue anyway?
Your hands begin to glow red.
You feel very sick. The kobold closely misses you.
You hit the kobold but do no damage.
You feel very sick.
The kobold hits you with a +1 short sword of venom.
You closely miss the kobold. Your bite misses the kobold.
* * * LOW HITPOINT WARNING * * *
You feel very sick.
The kobold hits you with a +1 short sword of venom.
* * * LOW HITPOINT WARNING * * *
You are more poisoned.
You hit the kobold but do no damage. You bite the kobold.
The kobold is moderately wounded.
* * * LOW HITPOINT WARNING * * *
You feel very sick. The kobold barely misses you.
It was a potion of mutation.
You feel extremely strange.
Your body twists and deforms.
Your thoughts seem clearer.
You die...

## #.#... .##### .......
.....# ....... .....#
...... .....##
######..#.# ......#
#.......<.# ......#
#.......###.# ......#
####....@.......
......###.......K#####..
..###.#..........+ ..#
#.....##.....# ###
###..###.....#
#....#.......
#>##.......... ###
..#.###.## .#.# ..


You could see a kobold.

Vanquished Creatures
  An orc wizard (D:3)
  2 adders (D:2)
  A worm (D:2)
  A dart slug (D:1)
  4 orcs (D:3)
  5 bats
  3 endoplasms (D:1)
  6 giant cockroaches
  6 goblins
  9 hobgoblins
  3 quokkas
  8 ball pythons
  4 frilled lizards
  7 kobolds
  9 rats
  A fungus (D:3)
  2 plants (D:3)
72 creatures vanquished.

Notes
Turn   | Place    | Note
-------+----------+-------------------------------------------
     0 | D:1      | koil the Vampire Enchanter began the quest for the Orb.
     0 | D:1      | Reached XP level 1. HP: 13/13 MP: 3/3
   153 | D:1      | Reached XP level 2. HP: 14/20 MP: 5/5
   368 | D:1      | Gained mutation: You are afflicted with vampirism and can
                  | become a bat while bloodless. [Vampire growth]
   368 | D:1      | Reached XP level 3. HP: 24/25 MP: 6/6
   457 | D:1      | Reached skill level 1 in Fighting
   558 | D:1      | You fall into a shaft and drop 1 floor!
   886 | D:2      | HP: 5/26 [kobold/+0 club (4)]
  1087 | D:2      | Learned a level 3 spell: Confusing Touch
  1090 | D:2      | Learned a level 2 spell: Ensorcelled Hibernation
  1268 | D:2      | Reached XP level 4. HP: 32/32 MP: 7/7
  1279 | D:2      | Reached skill level 5 in Stealth
  1299 | D:2      | HP: 5/32 [kobold/+0 trident (6)]
  1307 | D:2      | HP: 6/32 [bat (1)]
  1363 | D:2      | Reached skill level 5 in Hexes
  1807 | D:3      | HP: 6/32 [kobold/+1 short sword of venom (3)]
  1808 | D:3      | HP: 1/32 [poisoned by a kobold]
  1809 | D:3      | Gained mutation: Armour fits poorly on your strangely
                  | shaped body. [potion of mutation]
  1809 | D:3      | Gained mutation: You possess an exceptional clarity of
                  | mind. [potion of mutation]
  1809 | D:3      | Succumbed to a kobold's poison

Illustrated notes

Levels and vault maps discovered:
D:1:      dpeg_arrival_ratfight, layout_rooms, chequers_serial_rivers_large_a,
          hex_intersection
D:2:      minmay_inner_zag, layout_rooms, grunt_decor_mini_mirrors
D:3:      layout_basic, lightli_temple_of_fire,
          shapermc_ecumenical_altar_mp_urbaneastern, serial_shops,
          nicolae_lakefront_shop, minmay_misc_feat_roman

Skill      XL: |  1  2  3  4 |
---------------+-------------+-----
Fighting       | 1 |  1.5
Stealth        | 5 |  5.2
Hexes          | 5 |  5.2
Short Blades   | 2 |  2.1
Dodging        | 3 |  3.0
Spellcasting   | |  2.5

Action                   |  1- 3 |  4- 6 || total
-------------------------+-------+-------++-------
Melee: Dagger            |   196 |    86 ||   282
       Bite              |    19 |     8 ||    27
       Punch             |     2 |       ||     2
 Cast: Confusing Touch   |       |     3 ||     3
  Use: Potion            |       |     1 ||     1
 Stab: Sleeping          |    10 |     3 ||    13
       Distracted        |     1 |       ||     1
Armor: Robe              |    39 |    14 ||    53
       Leather armour    |       |     3 ||     3
Dodge: Dodged            |   100 |    76 ||   176

Table legend: (Time is in decaauts)
 A = Elapsed time spent in this place.
 B = Non-inter-level travel time spent in this place.
 C = Inter-level travel time spent in this place.
 D = Time resting spent in this place.
 E = Time spent auto-exploring this place.
 F = Levels seen in this place.
 G = Mean time per level.
                   A        B        C        D        E       F      G
               +--------+--------+--------+--------+--------+-----+--------+
         Total |   1795 |   1758 |     37 |     37 |   1159 |   3 |  598.3 |
       Dungeon |   1795 |   1758 |     37 |     37 |   1159 |   3 |  598.3 |
               +--------+--------+--------+--------+--------+-----+--------+

Top non-repeatable levels by time:
     D:2: 785 daAuts
     D:1: 775 daAuts
     D:3: 234 daAuts
